 Dungeon Crawl Stone Soup version 0.30-a0-374-g95c0257040 (webtiles) character file.

Game seed: 14479204959392059039

498 Elric the Magician (level 6, -1/32 HPs)
             Began as a Deep Elf Fire Elementalist on Nov 25, 2022.
             Shot with an arrow by a centaur (3 damage)
             ... on level 4 of the Dungeon.
             The game lasted 00:07:01 (4182 turns).

Elric the Magician (Deep Elf Fire Elementalist)     Turns: 4182, Time: 00:07:01

Health: -1/32      AC:  5    Str:  5    XL:     6   Next: 94%
Magic:  12/17      EV: 12    Int: 22    God:
Gold:   137        SH:  0    Dex: 15    Spells: 7/17 levels left

rFire   + + .      SeeInvis .    m - +1 whip (elec)
rCold   x . .      Faith    .    (no shield)
rNeg    . . .      Spirit   .    i - +2 leather armour {rF+}
rPois   .          Reflect  .    (no helmet)
rElec   .          Harm     .    (no cloak)
rCorr   .          Rampage  .    (no gloves)
Will    .....                    (no boots)
Stlth   ++........               (no amulet)
HPRegen 0.25/turn                f - ring of wizardry
MPRegen 0.15/turn                a - ring of fire

@: no status effects
A: no striking features
a: no special abilities


You were on level 4 of the Dungeon.
You visited 1 branch of the dungeon, and saw 4 of its levels.

You collected 137 gold pieces.

Inventory:

Hand Weapons
 m - a +1 whip of electrocution (weapon)
Missiles
 l - a throwing net
Armour
 i - a +2 leather armour of fire resistance (worn)
Jewellery
 a - a ring of fire (right hand)
 f - a ring of wizardry (left hand)
 o - a ring of positive energy
 p - a +4 ring of evasion
Wands
 r - a wand of flame (1)
Scrolls
 c - 2 scrolls of teleportation {unknown}
 d - 3 scrolls of poison {unknown}
 g - a scroll of identify {unknown}
 h - a scroll of enchant armour {unknown}
 j - 2 scrolls of blinking {unknown}
 n - a scroll of enchant weapon {unknown}
 t - a scroll of noise {unknown}
Potions
 b - 2 potions of magic
 e - a potion of heal wounds {unknown}
 k - 2 potions of curing {unknown}
 q - a potion of flight {unknown}
 s - a potion of ambrosia {unknown}


   Skills:
 - Level 2.7 Dodging
 - Level 2.8 Stealth
 + Level 6.1 Spellcasting
 + Level 4.5 Conjurations
 + Level 5.5 Fire Magic


You had 7 spell levels left.
You knew the following spells:

 Your Spells              Type           Power      Damage    Failure   Level
a - Foxfire               Conj/Fire      100%       2x1d9     1%          1
b - Scorch                Fire           92%        2d10      1%          2
c - Flame Wave            Conj/Fire      43%        2d11      8%          4
d - Kindle Blastsparks    Fire/Tloc/Air  44%        2d13      9%          3

Your spell library contained the following spells:

 Spells                   Type           Power      Damage    Failure   Level
 Inner Flame              Hex/Fire       28%        N/A       6%          3
 Dazzling Flash           Conj/Hex       32%        N/A       8%          3
 Ozocubu's Armour         Ice            6%         N/A       17%         3
 Agony                    Necr           6%         N/A       82%         5
 Silence                  Hex/Air        3%         N/A       82%         5
 Ozocubu's Refrigeration  Ice            3%         4d8       100%        7


Dungeon Overview and Level Annotations

Branches:
Dungeon (4/15)
 Temple: D:4-7

Altars:


Message History

The centaur shouts!
The foxfire hits the centaur.
The centaur is moderately wounded.
The centaur wields a +0 shortbow.
The centaur shoots an arrow.
The arrow hits you!
Your foxfire dissipates!
A hound comes into view.
The foxfire hits the centaur but does no damage.
The centaur is moderately wounded.
Casting: Foxfire (safe; 1% risk of failure)
Confirm with . or Enter, or press ? or * to list all spells.
You feel a surge of power!
You conjure some foxfire!
The foxfire hits the centaur but does no damage.
The centaur is moderately wounded.
The centaur shoots an arrow.
The arrow hits you!
The foxfire hits the centaur.
The centaur is heavily wounded.
The centaur shoots an arrow.
The arrow hits you.
The foxfire hits the centaur.
The centaur is severely wounded.
Casting: Foxfire (safe; 1% risk of failure)
Confirm with . or Enter, or press ? or * to list all spells.
You feel a surge of power!
You conjure some foxfire!
The centaur shoots an arrow.
The arrow closely misses you.
The centaur shoots an arrow.
The arrow hits you!
* * * LOW HITPOINT WARNING * * *
The foxfire hits the hound.
The hound is heavily wounded.
The foxfire hits the hound.
The hound is severely wounded.
The hound barely misses you.
Casting: Foxfire (safe; 1% risk of failure)
Confirm with . or Enter, or press ? or * to list all spells.
You feel a surge of power!
Flames lash the hound.
You kill the hound!
You hear a shout!
The centaur shoots an arrow.
The arrow barely misses you.
The centaur shoots an arrow.
The arrow hits you but does no damage.
You hear a shout!
The centaur shoots an arrow.
The arrow hits you.
You die...

#.>.###.###.#
#........##.###
#.............#
#.............#
#.............#
###.............# .
#...............###...
#.....................
#.............@.......
#...#######...?......^
#...# ........#######
#...# ........# #...#
......c.# #...#
........# ........#
...<....#


You could see a centaur.

Vanquished Creatures
  An ogre (D:3)
  A scorpion (D:4)
  2 jellies (D:3)
  A hound (D:4)
  Jessica (D:3)
  2 orc wizards (D:3)
  Robin (D:3)
  4 gnolls (D:2)
  6 adders
  3 dart slugs
  7 orcs (D:3)
  5 ball pythons
  10 endoplasms
  7 hobgoblins
  4 jackals (D:2)
  4 quokkas
  4 bats
  3 frilled lizards
  11 goblins
  12 kobolds
  4 rats
93 creatures vanquished.

Vanquished Creatures (collateral kills)
  A foxfire (D:3)
1 creature vanquished.

Vanquished Creatures (others)
  325 foxfires
  10 fungi (D:3)
  5 toadstools (D:3)
340 creatures vanquished.

Grand Total: 434 creatures vanquished

Notes
Turn   | Place    | Note
-------+----------+-------------------------------------------
     0 | D:1      | Elric the Deep Elf Fire Elementalist began the quest for
                  | the Orb.
     0 | D:1      | Reached XP level 1. HP: 10/10 MP: 6/6
   306 | D:1      | Reached XP level 2. HP: 15/15 MP: 5/8
  1108 | D:1      | Learned a level 2 spell: Scorch
  1464 | D:2      | Reached XP level 3. HP: 19/19 MP: 7/10
  1837 | D:2      | Reached skill level 4 in Spellcasting
  1837 | D:2      | Reached XP level 4. HP: 24/24 MP: 8/12
  2694 | D:3      | Reached XP level 5. HP: 28/28 MP: 10/14
  3012 | D:3      | Noticed Robin
  3029 | D:3      | Killed Robin
  3215 | D:3      | Reached skill level 5 in Spellcasting
  3473 | D:3      | Reached XP level 6. HP: 32/32 MP: 10/15
  3706 | D:3      | Noticed Jessica
  3710 | D:3      | Killed Jessica
  3711 | D:3      | Reached skill level 5 in Fire Magic
  3904 | D:3      | Learned a level 4 spell: Flame Wave
  3908 | D:3      | Learned a level 3 spell: Kindle Blastsparks
  4005 | D:3      | Reached skill level 6 in Spellcasting
  4179 | D:4      | HP: 1/32 [centaur/arrow (12)]
  4182 | D:4      | Shot with an arrow by a centaur

Illustrated notes

Levels and vault maps discovered:
D:1:      amcnicky_arrival_single_pillar, layout_basic
D:2:      layout_loops_ring, minmay_misc_feat_tower
D:3:      cheibrodos_fertilizer, layout_basic, uniq_robin, uniq_jessica
D:4:      layout_basic, nicolae_ossuary_entry_giza, gup_sewer_entry_bowl

Skill      XL: |  1  2  3  4  5  6 |
---------------+-------------------+-----
Conjurations   | 2 3 4 |  4.5
Fire Magic     | 4 5 |  5.5
Spellcasting   | 4 5 6 |  6.1
Dodging        | |  2.7
Stealth        | |  2.8

Action                   |  1- 3 |  4- 6 || total
-------------------------+-------+-------++-------
Melee: Whip              |       |     2 ||     2
 Cast: Foxfire           |    78 |   117 ||   195
       Scorch            |       |     6 ||     6
Armor: Leather armour    |     5 |    17 ||    22
Dodge: Dodged            |    14 |    34 ||    48

Table legend: (Time is in decaauts)
 A = Elapsed time spent in this place.
 B = Non-inter-level travel time spent in this place.
 C = Inter-level travel time spent in this place.
 D = Time resting spent in this place.
 E = Time spent auto-exploring this place.
 F = Levels seen in this place.
 G = Mean time per level.
                   A        B        C        D        E       F      G
               +--------+--------+--------+--------+--------+-----+--------+
         Total |   4181 |   3933 |    248 |    290 |   2907 |   4 | 1045.2 |
       Dungeon |   4181 |   3933 |    248 |    290 |   2907 |   4 | 1045.2 |
               +--------+--------+--------+--------+--------+-----+--------+

Top non-repeatable levels by time:
     D:3: 1585 daAuts
     D:1: 1250 daAuts
     D:2: 1184 daAuts
     D:4: 161 daAuts
